Map: Sentinel LE

Players

Magman

  • Race: Zerg Zerg
  • League: Gold
  • Spawn Location: 6:00

ZeRReZ

  • Race: Terran Terran
  • League: Platinum
  • Spawn Location: 5:00

Greg

  • Race: Zerg Zerg
  • League: Platinum
  • Spawn Location: 5:00

sexyAPM - Winner!

  • Race: Zerg Zerg
  • Spawn Location: 9:00

Massa - Winner!

  • Race: Terran Terran
  • League: Gold
  • Spawn Location: 9:00

qqq - Winner!

  • Race: Zerg Zerg
  • League: Platinum
  • Spawn Location: 12:00

VOD

Have the link to the VOD?

Description

Time

  • Played on: April 26, 2020, 4:08 p.m.
  • Length: 10:04
Show
View Real Time Build Order
Export as new Build Order

Magman Zerg 

Build Orders: Hatch First 

Get SALT Encoding   

  12  0:01  Drone  
  13  0:13  Overlord  
  13  0:18  Drone  
  14  0:31  Drone x2  
  14  0:35  Drone  
  17  0:55  Hatchery  
  16  0:58  Drone  
  16  1:01  Extractor  
  17  1:04  Drone  
  17  1:19  Spawning Pool  
  16  1:27  Drone x2  
  16  1:30  Drone  
  19  1:51  Overlord  
  19  2:06  Zergling x4  
  19  2:07  Queen  
  23  2:10  Queen  
  23  2:13  Metabolic Boost  
  25  2:17  Drone  
  25  2:20  Drone  
  27  2:23  Zergling x2  
  28  2:39  Zergling x6  
  28  2:40  Zergling x2  
  32  2:46  Baneling Nest  
  32  2:49  Drone  
  32  3:00  Queen  
  33  3:10  Drone x2  
  33  3:12  Overlord  
  35  3:16  Extractor  
  35  3:17  Drone  
  36  3:22  Overlord  
  36  3:33  Overlord  
  36  3:36  Drone x3  
  39  3:54  Lair  
  39  4:02  Hatchery  
  38  4:08  Zergling x4  
  38  4:09  Zergling x2  
  41  4:12  Drone x2  
  43  4:22  Spine Crawler  
  42  4:37  Baneling  
  42  4:48  Baneling x2  
  42  4:49  Baneling x4  
  42  4:50  Zergling x8  
  42  4:51  Zergling x12  
  48  5:02  Baneling x4  
  48  5:03  Baneling  
  48  5:04  Zergling x4  
  50  5:08  Queen  
  50  5:10  Overlord  
  50  5:13  Overlord  
  52  5:20  Evolution Chamber  
  51  5:30  Drone x4  
  51  5:31  Drone x3  
  51  5:32  Spore Crawler  
  51  5:34  Drone  
  43  6:16  Zergling x12  
  43  6:17  Zergling x4  
  48  6:25  Zergling x8  
  44  6:37  Baneling x7  
  44  6:38  Baneling  
  42  6:45  Zergling x6  
  43  6:48  Baneling  
  43  6:49  Baneling  
  43  6:53  Drone x2  
  45  7:01  Hatchery  
  44  7:02  Drone  
  44  7:03  Drone x2  
  44  7:04  Drone x2, Extractor  
  48  7:14  Drone  
  48  7:15  Extractor  
  48  7:20  Extractor  
  48  7:22  Drone x2  
  49  7:29  Overseer  
  49  7:45  Spore Crawler  
  45  8:10  Queen  
  44  8:16  Hydralisk Den  
  44  8:19  Evolution Chamber  
  38  8:22  Queen, Spore Crawler  
  38  8:29  Drone x2, Queen  
  42  8:34  Overseer  
  42  8:36  Drone  
  42  8:37  Drone x2  
  45  8:43  Hatchery  
  45  8:46  Hydralisk x2  
  45  8:48  Hydralisk  
  34  9:06  Drone  
  34  9:07  Zergling x6  
  34  9:09  Overlord x3  
  13  9:31  Hydralisk  
Show
View Real Time Build Order
Export as new Build Order

ZeRReZ Terran 

Build Orders: Reaper Expand 

Get SALT Encoding   

  12  0:00  SCV  
  13  0:12  SCV  
  14  0:19  Supply Depot  
  14  0:25  SCV  
  15  0:40  SCV  
  16  0:43  Barracks  
  16  0:47  Refinery  
  16  0:53  SCV  
  17  1:05  SCV  
  18  1:32  Reaper, Orbital Command  
  19  1:48  Command Center  
  19  1:56  Refinery  
  19  2:12  SCV  
  19  2:14  Marine  
  20  2:24  SCV  
  21  2:31  Supply Depot  
  21  2:33  Barracks Reactor  
  21  2:36  SCV  
  22  2:37  Factory  
  22  2:41  Supply Depot  
  22  2:48  SCV  
  23  3:09  SCV  
  23  3:11  Orbital Command  
  24  3:16  Marine x2  
  26  3:22  SCV  
  26  3:25  Hellion  
  29  3:34  Starport, SCV, Marine x2  
  32  3:42  SCV  
  32  3:46  Hellion  
  35  3:51  Marine  
  35  3:54  SCV  
  37  3:55  Marine  
  38  4:15  Hellion, Marine x2  
  42  4:29  Orbital Command  
  36  4:34  Liberator  
  36  4:37  Hellion  
  41  4:43  Bunker  
  41  4:44  Marine x2  
  43  4:47  SCV  
  44  4:55  Supply Depot  
  44  4:58  Hellion  
  47  5:00  SCV  
  47  5:02  Marine x2  
  49  5:15  Barracks  
  49  5:19  Liberator  
  49  5:20  Hellion, Marine x2  
  56  5:24  SCV x2  
  58  5:44  Marine x2  
  58  5:46  SCV x2  
  62  5:59  Supply Depot  
  62  6:15  Marine x2  
  62  6:16  SCV  
  60  6:33  Marine x2  
  62  6:41  Orbital Command  
  60  6:47  Marine  
  60  6:51  Marine  
  60  6:52  Marine  
  63  6:55  Medivac  
  65  7:05  Marine  
  66  7:08  Marine  
  66  7:10  SCV x2, Marine  
  70  7:48  Marine x2  
  70  7:49  Marine  
  60  7:57  SCV x2  
  50  8:00  Widow Mine  
  50  8:01  Viking  
  53  8:06  Marine x3  
  53  8:07  Engineering Bay  
  53  8:09  SCV  
  57  8:17  SCV  
  58  8:21  SCV  
  58  8:24  Barracks, Marine x3  
  58  8:25  Starport  
  62  8:29  SCV  
  62  8:34  SCV  
  64  8:35  Widow Mine  
  64  8:39  Armory  
  66  8:42  Marine x3, Missile Turret  
  66  8:44  Missile Turret  
  66  8:46  Refinery, Missile Turret  
  66  8:48  Starport Reactor  
  69  8:59  Marine  
  70  9:20  Barracks Tech Lab  
  70  9:21  Marine  
  70  9:23  Marine  
  68  9:27  Supply Depot x2  
  45  9:39  Marine  
  45  9:40  Marine  
Show
View Real Time Build Order
Export as new Build Order

Greg Zerg 

Build Orders: Hatch First 

Get SALT Encoding   

  12  0:02  Drone  
  13  0:11  Drone  
  14  0:16  Overlord  
  14  0:42  Hatchery  
  13  0:45  Drone  
  14  0:50  Drone  
  15  1:09  Drone  
  16  1:12  Spawning Pool  
  16  1:15  Drone  
  16  1:18  Drone  
  17  1:23  Drone  
  18  1:34  Drone, Extractor  
  18  1:46  Drone  
  19  1:55  Overlord  
  19  2:00  Queen  
  21  2:05  Drone  
  21  2:06  Drone  
  23  2:11  Zergling x2  
  23  2:13  Queen  
  26  2:21  Drone x2  
  28  2:27  Extractor  
  28  2:28  Drone x2  
  29  2:39  Metabolic Boost  
  29  2:41  Drone  
  29  2:42  Drone  
  31  2:52  Drone x2  
  33  3:01  Roach Warren  
  33  3:05  Zergling x4  
  34  3:19  Zergling x4  
  36  3:22  Overlord  
  36  3:23  Overlord x2  
  36  3:41  Overlord x2  
  36  3:42  Overlord x3  
  36  3:45  Lair  
  36  3:52  Drone x2  
  36  3:53  Drone x2  
  41  4:03  Roach x2  
  41  4:05  Roach  
  43  4:16  Drone x3  
  43  4:17  Drone  
  47  4:28  Roach x3  
  47  4:29  Roach  
  57  4:38  Roach x2  
  59  4:52  Glial Reconstitution  
  59  4:57  Ravager x3  
  62  5:01  Drone x2  
  62  5:02  Drone x3  
  62  5:06  Drone  
  68  5:08  Extractor  
  68  5:09  Extractor  
  68  5:11  Drone x2  
  68  5:18  Evolution Chamber  
  68  5:20  Evolution Chamber  
  68  5:21  Roach x5  
  76  5:55  Ravager x3  
  76  5:56  Ravager  
  80  6:00  Roach x2  
  82  6:26  Roach x6  
  82  6:27  Roach x2  
  98  6:45  Zerg Missile Weapons Level 1  
  98  6:46  Zerg Ground Armor Level 1  
  98  7:08  Drone  
  99  7:24  Overlord x4  
  42  8:13  Drone  
  42  8:14  Drone x4  
  42  8:16  Spire  
  46  8:41  Hatchery  
  45  8:54  Hydralisk Den  
  43  9:27  Mutalisk x6  
  43  9:28  Mutalisk x6  
  67  9:38  Hydralisk x6  
Show
View Real Time Build Order
Export as new Build Order

sexyAPM Zerg - Winner!

Build Orders: Pool First 

Get SALT Encoding   

  12  0:04  Drone  
  13  0:09  Drone  
  14  0:15  Extractor  
  13  0:30  Spawning Pool  
  12  0:36  Drone  
  12  0:39  Drone  
  14  1:06  Overlord  
  14  1:10  Overlord  
  14  1:22  Metabolic Boost  
  14  1:31  Zergling x2  
  14  1:32  Zergling x4  
  17  1:36  Queen  
  19  2:01  Hatchery  
  18  2:13  Zergling x6  
  21  2:27  Zergling x2  
  22  2:43  Zergling x2  
  23  2:44  Queen  
  23  2:50  Zergling x6  
  28  2:53  Overlord  
  28  3:14  Zergling x4  
  30  3:24  Zergling x2  
  31  3:29  Zergling x2  
  32  3:37  Zergling x2  
  33  3:59  Zergling x6  
  33  4:00  Zergling x2  
  33  4:01  Drone x3  
  39  4:33  Drone x3  
  39  4:34  Drone x2  
  43  5:11  Drone  
  44  5:18  Extractor  
  44  5:21  Extractor  
  38  6:53  Drone x2  
  38  6:54  Drone x4  
  44  7:06  Extractor  
  44  7:07  Drone  
  44  7:09  Overlord x4  
  29  7:56  Zergling x2  
  29  7:57  Zergling x12  
  31  7:59  Zergling x10  
  31  8:00  Zergling x6  
  38  8:32  Zergling x8  
  38  8:33  Zergling x4  
  44  8:35  Zergling x4  
  44  8:36  Zergling x8  
  37  9:31  Zergling x6  
  37  9:32  Zergling x10  
  37  9:36  Zergling x10  
Show
View Real Time Build Order
Export as new Build Order

Massa Terran - Winner!

Build Orders:  

Get SALT Encoding   

  12  0:13  SCV  
  13  0:14  Supply Depot  
  13  0:25  SCV  
  14  0:36  Barracks  
  14  0:37  SCV  
  15  0:49  SCV  
  16  1:01  SCV  
  17  1:10  Supply Depot  
  17  1:23  Barracks  
  17  1:25  Marine  
  17  1:27  Supply Depot  
  17  1:32  SCV  
  19  1:43  Marine  
  19  1:44  SCV  
  21  1:54  Barracks  
  21  2:00  Orbital Command  
  21  2:05  Refinery  
  21  2:11  Barracks  
  21  2:14  Marine x2  
  23  2:32  Marine x2  
  25  2:42  Marine  
  26  2:47  Barracks  
  26  2:49  Marine x2  
  28  2:59  Marine  
  28  3:09  SCV  
  29  3:19  Marine x4  
  33  3:36  Marine  
  33  3:37  Marine x3  
  37  3:43  Marine  
  38  3:54  Marine  
  39  4:07  Supply Depot  
  39  4:28  Marine x5  
  39  4:30  Supply Depot  
  43  4:46  Marine x4  
  47  4:53  Supply Depot  
  46  5:02  Factory  
  46  5:16  Supply Depot  
  46  5:19  Command Center  
  46  5:46  Factory Tech Lab  
  46  5:52  Barracks Tech Lab  
  46  5:53  Barracks Reactor, Marine x3  
  49  6:11  Marine x3  
  25  6:26  Marauder  
  25  6:29  Marine x3  
  25  6:30  SCV  
  31  6:41  Marine x2  
  31  6:46  Marine  
  33  6:47  Marauder, Marine x2  
  38  6:55  SCV  
  38  7:00  SCV  
  40  7:04  Marine x2  
  40  7:05  Marine x3  
  40  7:08  SCV  
  46  7:09  Marauder  
  46  7:12  SCV  
  46  7:15  Siege Tank  
  52  7:22  Marine x3  
  53  7:23  Marine x2  
  57  7:30  Marauder  
  58  7:40  Marine  
  55  7:51  Marauder  
  55  7:54  Marine x3  
  55  7:55  Marine  
  55  7:57  Siege Tank  
  55  7:58  Marine  
  57  8:12  Marine  
  56  8:13  Marauder  
  56  8:17  SCV  
  57  8:30  SCV, Command Center  
  60  8:34  Marauder  
  60  8:39  Marine x5  
  65  8:42  SCV  
  65  8:45  Combat Shield  
  66  8:54  SCV  
  69  8:55  Marauder  
  69  8:57  Marine x2  
  71  9:19  Marine x2  
  71  9:20  Marine x4  
  77  9:26  SCV x2  
  79  9:36  Marine  
  79  9:37  Marine x2  
  79  9:38  SCV, Marine x3  
  86  9:40  Engineering Bay  
  86  9:41  SCV, Engineering Bay  
  86  9:45  Supply Depot  
  87  9:46  Supply Depot  
  87  9:50  SCV  
Show
View Real Time Build Order
Export as new Build Order

qqq Zerg - Winner!

Build Orders: Hatch First 

Get SALT Encoding   

  12  0:02  Drone  
  13  0:08  Drone  
  14  0:36  Hatchery  
  13  0:51  Spawning Pool  
  12  1:02  Extractor, Drone  
  12  1:06  Overlord  
  12  1:11  Drone  
  13  1:19  Drone  
  14  1:29  Drone  
  15  1:38  Drone  
  16  2:00  Drone  
  17  2:01  Hatchery  
  16  2:13  Lair  
  16  2:19  Drone  
  17  2:24  Drone  
  17  2:27  Drone  
  19  2:34  Drone, Extractor  
  19  2:38  Drone  
  20  2:45  Overlord  
  20  2:48  Drone  
  21  2:52  Drone  
  21  2:56  Drone  
  21  2:58  Drone  
  24  3:10  Drone  
  25  3:16  Drone  
  26  3:28  Drone x3  
  26  3:29  Spire  
  26  3:31  Drone  
  26  3:34  Drone  
  30  3:36  Drone  
  31  3:47  Spine Crawler  
  30  3:51  Spine Crawler  
  30  3:53  Drone x2  
  30  3:54  Drone  
  32  3:58  Drone  
  33  4:03  Drone x2  
  33  4:05  Drone  
  33  4:07  Drone  
  33  4:09  Drone  
  38  4:12  Drone  
  38  4:13  Drone  
  40  4:17  Overlord  
  40  4:28  Overlord  
  40  4:29  Drone  
  40  4:30  Overlord  
  41  4:33  Drone  
  41  4:35  Drone  
  43  4:39  Extractor  
  43  4:40  Extractor, Drone  
  43  4:41  Drone  
  43  4:44  Zerg Flyer Weapons Level 1  
  43  4:45  Mutalisk  
  45  4:48  Mutalisk  
  45  4:51  Drone x2  
  49  4:59  Mutalisk  
  51  5:11  Drone x2, Mutalisk  
  55  5:22  Drone  
  55  5:23  Drone x2, Mutalisk  
  60  5:32  Extractor  
  59  5:44  Drone x2  
  59  5:45  Drone x3, Mutalisk  
  59  5:48  Overlord  
  66  5:50  Overlord  
  66  6:00  Overlord  
  66  6:01  Overlord  
  66  6:09  Mutalisk  
  66  6:10  Mutalisk x2  
  72  6:14  Hatchery  
  72  6:16  Mutalisk  
  73  6:22  Drone x2, Extractor  
  73  6:24  Hatchery  
  73  6:29  Mutalisk  
  75  6:36  Mutalisk x3  
  75  6:39  Zerg Flyer Armor Level 1  
  81  6:42  Overlord x2  
  81  6:47  Mutalisk  
  81  6:52  Drone  
  81  6:54  Drone  
  85  6:57  Mutalisk  
  87  7:05  Mutalisk x2  
  91  7:10  Mutalisk  
  91  7:13  Overseer  
  93  7:31  Mutalisk x3  
  93  7:34  Drone x3  
  93  7:35  Drone  
  103  8:00  Mutalisk x4  
  98  8:13  Hatchery  
  98  8:14  Drone x2  
  96  8:20  Mutalisk x3  
  96  8:23  Hatchery  
  96  8:24  Drone x2  
  96  8:25  Drone x6  
  109  8:32  Drone  
  108  9:10  Mutalisk x3  
  108  9:11  Mutalisk x4  
  108  9:12  Drone  
  108  9:13  Drone x3  
  126  9:31  Mutalisk x3  
Tags
 
Add a new tag
Caveats
  • Supply blocks, unpowered buildings, or Contaminate may cause inaccurate times.
  • Supply counts are checked every 10 seconds.